 Dungeon Crawl Stone Soup version 0.29-a0-330-g52719c12eb (webtiles) character file.

Game seed: 17197673981045955080

1689 HoaS the Quickloader (level 9, 0/50 HPs)
             Began as a Kobold Hunter on May 21, 2022.
             Was an Elder of Zin.
             Slain by an orc warrior
             ... wielding a +1 scimitar of pain
              (16 damage)
             ... on level 5 of the Dungeon.
             The game lasted 00:12:17 (5211 turns).

HoaS the Quickloader (Kobold Hunter)                Turns: 5211, Time: 00:12:18

Health: 0/50       AC: 11    Str:  9    XL:     9   Next: 22%
Magic:  10/12      EV: 15    Int: 11    God:    Zin [****..]
Gold:   336        SH:  0    Dex: 24    Spells: 8/8 levels left

rFire   . . .      SeeInvis .   m - +0 arbalest
rCold   . . .      Faith    .   (shield currently unavailable)
rNeg    . . .      Spirit   .   b - +0 leather armour
rPois   ∞          Reflect  .   e - +1 helmet
rElec   .          Harm     .   (no cloak)
rCorr   .          Rampage  .   f - +0 pair of gloves
Will    .....                   j - +0 pair of boots
Stlth   ++++......              (no amulet)
HPRegen 0.16/turn               l - ring of flight
MPRegen 0.13/turn               k - +4 ring of protection

@: vitalised, flying
A: small, no large weapons, nightstalker 3
a: Renounce Religion, Recite, Vitalisation, Imprison, Donate Gold


You were on level 5 of the Dungeon.
You worshipped Zin.
Zin was greatly pleased with you.
You visited 1 branch of the dungeon, and saw 6 of its levels.

You collected 373 gold pieces.
You donated 37 gold pieces to Zin.

Inventory:

Hand Weapons
 m - a +0 arbalest (weapon)
Armour
 b - a +0 leather armour (worn)
 e - a +1 helmet (worn)
 f - a +0 pair of gloves (worn)
 j - a +0 pair of boots (worn)
Jewellery
 k - a +4 ring of protection (right hand)
 l - a ring of flight (left hand)
Wands
 a - a wand of iceblast (8)
Scrolls
 c - a scroll of immolation
 d - a scroll of identify
 g - a scroll of teleportation
Potions
 h - 2 potions of curing
 i - a potion of attraction
 n - a potion of might


   Skills:
 - Level 3.1 Fighting
 * Level 13.2 Crossbows
 - Level 0.9 Armour
 - Level 3.0 Dodging
 - Level 2.8 Stealth
 - Level 5.0 Invocations


You had 8 spell levels left.
You didn't know any spells.
Your spell library contained the following spells:

 Spells                   Type           Power      Damage    Failure   Level
 Magic Dart               Conj           0%         1d3       43%         1
 Shock                    Conj/Air       0%         1d3       43%         1
 Call Imp                 Summ           0%         N/A       58%         2
 Mephitic Cloud           Conj/Pois/Air  0%         N/A       82%         3
 Swiftness                Air            0%         N/A       82%         3
 Airstrike                Air            0%         N/A       99%         4


Dungeon Overview and Level Annotations

Branches:
Dungeon (6/15)             Temple (0/1) D:5

Altars:
Ashenzari
Okawaru
Trog
Zin


Innate Abilities, Weirdness & Mutations

You are small and have problems with some larger weapons.
You are completely attuned to the shadows.


Message History

There is a stone staircase leading up here.
An orc comes into view. It is wielding a +0 mace.
Found a club.
The orc shouts!
You hear a shout!
An orc warrior comes into view. It is wielding a +1 scimitar of pain.
The orc warrior shouts!
There is a stone staircase leading up here.
You shoot a bolt. You shoot a bolt.
The bolt hits the orc warrior but does no damage.
You shoot a bolt.
The bolt closely misses the orc warrior.
The bolt hits the orc!!
You kill the orc!
An orc comes into view. It is wielding a +0 whip.
You shoot a bolt.
The bolt closely misses the orc warrior.
The orc warrior hits you but does no damage.
You writhe in agony.
You shoot a bolt.
The bolt completely misses the orc warrior.
A kobold comes into view. It is wielding a +0 short sword.
The orc warrior hits you with a +1 scimitar of pain!
You writhe in agony.
You shoot a bolt.
The bolt closely misses the orc warrior.
The orc hits you but does no damage. The orc warrior completely misses you.
The orc barely misses you.
The orc warrior hits you with a +1 scimitar of pain!
You writhe in agony.
You fly upwards.
There is a stone staircase leading down here.
Zin grants you divine stamina. The orc barely misses you.
The orc warrior hits you with a +1 scimitar of pain!
You writhe in agony.
Really attack while wielding your +0 arbalest?
You completely miss the orc warrior. The orc closely misses you.
The orc warrior hits you with a +1 scimitar of pain!
You die...

#.....#.....#..##.....##..#..
#.....########.##...#.##..#..
##.#....>....#....###.##.)...
##.....#...............###....
###..#.......................###
#...##...[#..................###
###...............>.........###.
##....##....oo....#.<.........
##.#........@....#####.......
#...............# ##..##..
###..........#.## ######.
#......).....### ##
###...........## #............##
##............# #####......###
###.####


You could see an orc warrior and an orc.

Vanquished Creatures
  A two-headed ogre (D:5)
  A water moccasin (D:5)
  An ice beast (D:5)
  An ogre (D:4)
  3 phantoms
  3 scorpions
  Blork the orc (D:4)
  A jelly (D:5)
  A hound (D:5)
  An orc priest (D:3)
  2 orc wizards
  2 iguanas
  Robin (D:2)
  3 gnolls (D:4)
  4 adders
  A white imp (D:4)
  2 dart slugs
  5 orcs
  8 ball pythons
  6 endoplasms
  A giant cockroach (D:4)
  12 goblins
  11 hobgoblins
  2 jackals (D:4)
  4 quokkas
  5 bats
  2 frilled lizards
  3 kobolds
  4 rats
92 creatures vanquished.

Vanquished Creatures (others)
  A plant (D:5)
1 creature vanquished.

Grand Total: 93 creatures vanquished

Notes
Turn   | Place    | Note
-------+----------+-------------------------------------------
     0 | D:1      | HoaS the Kobold Hunter began the quest for the Orb.
     0 | D:1      | Reached XP level 1. HP: 12/12 MP: 1/1
   424 | D:1      | Reached XP level 2. HP: 17/17 MP: 2/2
   557 | D:1      | Reached skill level 6 in Crossbows
   573 | D:1      | Found a faded altar of an unknown god.
   870 | D:2      | Found a glowing silver altar of Zin.
   908 | D:2      | Became a worshipper of Zin the Law-Giver
  1076 | D:2      | Reached XP level 3. HP: 8/21 MP: 3/3
  1269 | D:2      | Noticed Robin
  1496 | D:1      | Reached skill level 1 in Invocations
  1688 | D:2      | Killed Robin
  1689 | D:2      | Reached XP level 4. HP: 26/26 MP: 4/4
  1763 | D:2      | Reached * piety under Zin
  1891 | D:2      | Reached skill level 7 in Crossbows
  2142 | D:3      | Reached XP level 5. HP: 6/30 MP: 6/6
  2612 | D:3      | Reached ** piety under Zin
  2739 | D:3      | Reached skill level 8 in Crossbows
  2739 | D:3      | Reached XP level 6. HP: 35/35 MP: 7/7
  3172 | D:4      | Noticed an ogre
  3185 | D:4      | Noticed Blork the orc
  3341 | D:4      | Reached skill level 9 in Crossbows
  3349 | D:4      | Killed Blork the orc
  3369 | D:4      | Reached *** piety under Zin
  3377 | D:4      | Killed an ogre
  3378 | D:4      | Reached skill level 10 in Crossbows
  3378 | D:4      | Reached XP level 7. HP: 26/40 MP: 8/8
  3504 | D:4      | Found an iron altar of Okawaru.
  4190 | D:5      | Entered Level 5 of the Dungeon
  4229 | D:5      | Found a bloodstained altar of Trog.
  4234 | D:5      | Noticed a water moccasin
  4243 | D:5      | Killed a water moccasin
  4244 | D:5      | Reached XP level 8. HP: 29/46 MP: 8/10
  4542 | D:5      | Found a staircase to the Ecumenical Temple.
  4724 | D:5      | Reached skill level 11 in Crossbows
  4774 | D:5      | Noticed a two-headed ogre
  4790 | D:5      | HP: 2/46 [two-headed ogre/+0 giant club (23)]
  4792 | D:5      | Killed a two-headed ogre
  4793 | D:5      | Reached skill level 12 in Crossbows
  4793 | D:5      | Reached skill level 5 in Invocations
  4793 | D:5      | Reached XP level 9. HP: 14/50 MP: 10/12
  5077 | D:5      | Found a broken altar of Ashenzari.
  5097 | D:5      | Reached **** piety under Zin
  5102 | D:5      | Reached skill level 13 in Crossbows
  5211 | D:5      | Slain by an orc warrior

Illustrated notes

Levels and vault maps discovered:
D:1:      dpeg_arrival_more_subterranean_lakeside_camping, layout_loops_ring,
          ebering_ecumenical_altar_webs
D:2:      cheibrodos_helix_gallery, layout_rooms, basic_altar, uniq_robin
D:3:      layout_loops_ring
D:4:      layout_cave_pools, okawaru_gym_becter, hangedman_abyss_or_decor_stabs,
          minmay_circle_x, uniq_blork_the_orc
D:5:      layout_cave_pools, kennysheep_little_box,
          ashenzari_conservatory_becter, minmay_temple_entry_gardened_gates
D:6:      layout_loops_ring, uniq_eustachio

Skill      XL: |  1  2  3  4  5  6  7  8  9 |
---------------+----------------------------+-----
Crossbows      | 6 7 8 10 12 13 | 13.2
Invocations    | 1 2 3 5 |  5.0
Stealth        | 2 |  2.8
Fighting       | 3 |  3.1
Dodging        | 3 |  3.0
Armour         | |  0.9

Action                   |  1- 3 |  4- 6 |  7- 9 || total
-------------------------+-------+-------+-------++-------
Melee: Arbalest          |       |       |     1 ||     1
 Fire: Hand crossbow     |    77 |    80 |    43 ||   200
       Arbalest          |       |       |    55 ||    55
Invok: Vitalisation      |       |       |     1 ||     1
  Use: Scroll            |     2 |     7 |     6 ||    15
       Potion            |       |       |     1 ||     1
Armor: Leather armour    |    22 |     2 |    16 ||    40
Dodge: Dodged            |    51 |    22 |    43 ||   116

Table legend: (Time is in decaauts)
 A = Elapsed time spent in this place.
 B = Non-inter-level travel time spent in this place.
 C = Inter-level travel time spent in this place.
 D = Time resting spent in this place.
 E = Time spent auto-exploring this place.
 F = Levels seen in this place.
 G = Mean time per level.
                   A        B        C        D        E       F      G
               +--------+--------+--------+--------+--------+-----+--------+
         Total |   5268 |   5080 |    188 |   1540 |   2880 |   6 |  878.0 |
       Dungeon |   5268 |   5080 |    188 |   1540 |   2880 |   6 |  878.0 |
               +--------+--------+--------+--------+--------+-----+--------+

Top non-repeatable levels by time:
     D:3: 1273 daAuts
     D:1: 1130 daAuts
     D:5: 1021 daAuts
     D:2: 928 daAuts
     D:4: 899 daAuts
     D:6: 15 daAuts
